 Dungeon Crawl Stone Soup version 0.30.1-11-g7821555f0a (webtiles) character file.

Game seed: 1684358104654956829

187 MrIGI the Slasher (level 5, -1/46 HPs)
             Began as a Draconian Berserker on Dec 13, 2023.
             Was a Follower of Trog.
             Killed from afar by an orc wizard (9 damage)
             ... with a magic dart
             ... on level 3 of the Dungeon.
             The game lasted 00:04:45 (2497 turns).

MrIGI the Slasher (Draconian Berserker)             Turns: 2497, Time: 00:04:45

Health: -1/46      AC:  6    Str: 19    XL:     5   Next: 39%
Magic:  5/5        EV: 13    Int:  8    God:    Trog [*.....]
Gold:   210        SH:  0    Dex: 12    Spells: 4/4 levels left

rFire   + . .        a - +0 falchion
rCold   . . .        (no shield)
rNeg    . . .        (body armour unavailable)
rPois   .            (helmet restricted)
rElec   .            o - +0 cloak {Stlth+}
rCorr   .            (no gloves)
SInv    .            (no boots)
Will    .....        (no amulet)
Stlth   ++           p - ring of protection from fire
HPRegen 0.27/turn    (no ring)
MPRegen 0.09/turn

%: no passive effects
@: on berserk cooldown, slowed, very slow
A: AC +5, unfitting armour, cold-blooded
a: Renounce Religion, Berserk


You were on level 3 of the Dungeon.
You worshipped Trog.
Trog was aware of your devotion.
You visited 1 branch of the dungeon, and saw 4 of its levels.

You collected 210 gold pieces.

Inventory:

Hand Weapons
 a - a +0 falchion (weapon)
 k - a +1 sling of draining
 n - a +4 quarterstaff of chaos
Armour
 o - a +0 cloak of stealth (worn)
Jewellery
 p - a ring of protection from fire (left hand)
Scrolls
 b - a scroll of torment {unknown}
 c - 2 scrolls of immolation
 d - a scroll of identify
 e - 2 scrolls of vulnerability
 f - a scroll of poison {unknown}
 q - a scroll of silence {unknown}
 r - a scroll of teleportation {unknown}
Potions
 g - a potion of mutation {unknown}
 h - a potion of ambrosia
 i - a potion of heal wounds {unknown}
 j - a potion of invisibility {unknown}
 l - a potion of berserk rage {unknown}
 m - a potion of curing {unknown}


   Skills:
 + Level 4.1 Fighting
 * Level 4.7 Long Blades
 * Level 3.8 Dodging
 + Level 0.4 Stealth


You had 4 spell levels left.
You didn't know any spells.
Your spell library contained the following spells:

 Spells                   Type           Power      Damage    Failure   Level
 Ensorcelled Hibernation  Hex/Ice        0%         N/A       54%         2
 Spider Form              Tmut/Pois      0%         N/A       78%         3
 Anguish                  Hex/Necr       0%         N/A       99%         4


Dungeon Overview and Level Annotations

Branches:
Dungeon (4/15)
 Temple: D:4-7

Altars:
Xom


Innate Abilities, Weirdness & Mutations

Your plain brown scales are hard. (AC +5)
You cannot fit into any form of body armour.
You are cold-blooded and may be slowed by cold attacks.


Message History

You hit the orc priest.
You kill the orc priest!
Trog accepts your kill.
You hit the goblin.
The goblin is moderately wounded.
The goblin misses you. The goblin hits you but does no damage.
You barely miss the goblin.
Your tail-slap misses the goblin.
The goblin is moderately wounded.
The goblin hits you but does no damage. The goblin hits you with a +0 dagger.
* * * LOW HITPOINT WARNING * * *
You hit the goblin but do no damage.
The goblin is moderately wounded.
The goblin barely misses you.
You hit the goblin but do no damage.
The goblin is moderately wounded.
The orc wizard casts a spell.
The orc wizard flickers and vanishes!
Deactivating autopickup; reactivate with Ctrl-A.
The goblin barely misses you. The goblin misses you.
You barely miss the goblin.
You tail-slap the goblin, but do no damage.
The goblin is moderately wounded.
The goblin hits you with a +0 dagger.
* * * LOW HITPOINT WARNING * * *
You closely miss the goblin.
Your tail-slap misses the goblin.
The goblin is moderately wounded.
The goblin hits you but does no damage. The goblin closely misses you.
You hit the goblin.
You kill the goblin!
Trog accepts your kill.
You hear some strange, mumbled words.
A magic dart appears from out of thin air!
The magic dart hits you.
* * * LOW HITPOINT WARNING * * *
You hit something. Something hits you but does no damage.
You barely miss something. Something hits you but does no damage.
You hear some strange, mumbled words.
A magic dart appears from out of thin air!
The magic dart hits you!
You die...

...........#.#
...........#.#####
########...#......
###..# # ##.### .#
#)..# ..# ###.#
...# #)##....#
#.@{....#
####....# ...#
.... ... .# #


There were no monsters in sight!

Vanquished Creatures
  An orc priest (D:3)
  Crazy Yiuf (D:2)
  A jelly (D:4)
  Terence (D:2)
  3 adders (D:2)
  A dart slug (D:1)
  An orc (D:3)
  5 ball pythons
  2 bats (D:1)
  4 endoplasms
  6 goblins
  3 hobgoblins
  2 jackals (D:3)
  2 quokkas (D:1)
  A frilled lizard (D:1)
  8 kobolds
  5 rats
47 creatures vanquished.

Notes
Turn   | Place    | Note
-------+----------+-------------------------------------------
     0 | D:1      | MrIGI the Draconian Berserker began the quest for the Orb.
     0 | D:1      | Reached XP level 1. HP: 19/19 MP: 1/1
   285 | D:1      | Reached XP level 2. HP: 26/26 MP: 2/2
   733 | D:2      | Noticed Terence
   746 | D:2      | Killed Terence
   747 | D:2      | Reached XP level 3. HP: 33/33 MP: 3/3
  1122 | D:2      | Reached XP level 4. HP: 32/40 MP: 4/4
  1560 | D:2      | Found a runed translucent door.
  1561 | D:2      | Noticed Crazy Yiuf
  1581 | D:2      | Killed Crazy Yiuf
  1648 | D:2      | Found a shimmering altar of Xom.
  2271 | D:3      | Noticed an ogre
  2299 | D:4      | Reached XP level 5. HP: 46/46 MP: 5/5
  2409 | D:4      | Noticed a phantom
  2444 | D:4      | Noticed a phantom
  2446 | D:4      | Noticed an ogre
  2497 | D:3      | Killed from afar by an orc wizard

Illustrated notes

Levels and vault maps discovered:
D:1:      reono_arrival_forest_river, layout_basic
D:2:      layout_loops_corners, basic_altar, dk_noncrumbling_2,
          minmay_tetromino_s4, uniq_terence, uniq_crazy_yiuf_cottage
D:3:      layout_basic, serial_shops, shop, minmay_ogre_servants
D:4:      layout_rooms, minmay_misc_feat_square, st_stairs_6,
          chequers_serial_rivers_micro_e, roderic_cross_of_infinity

Skill      XL: |  1  2  3  4 |
---------------+-------------+-----
Dodging        | 3 |  3.8
Fighting       | 4 |  4.1
Long Blades    | 4 |  4.7
Stealth        | |  0.4

Action                     |  1- 3 |  4- 6 || total
---------------------------+-------+-------++-------
  Melee: Falchion          |    61 |    75 ||   136
         Tailslap          |     4 |     8 ||    12
 Invoke: Berserk           |     1 |     3 ||     4
    Use: Scroll            |       |     3 ||     3
   Stab: Sleeping          |       |     1 ||     1
 Armour: Skin              |    15 |    29 ||    44
  Dodge: Dodged            |    41 |    36 ||    77
